 Dungeon Crawl Stone Soup version 0.30-a0-639-g3916f1956a (webtiles) character file.

Game seed: 14636141563003669695

627 browni3141 the Covert (level 7, -5/40 HPs)
             Began as a Kobold Brigand on Jan 15, 2023.
             Slain by Blork the orc
             ... wielding a +0 flail
              (13 damage)
             ... on level 5 of the Dungeon.
             The game lasted 00:09:53 (3711 turns).

browni3141 the Covert (Kobold Brigand)              Turns: 3711, Time: 00:09:54

Health: -5/40      AC:  6    Str:  4 (6)  XL:     7   Next: 77%
Magic:  7/7        EV: 16    Int: 16 (18) God:
Gold:   199        SH:  5    Dex: 18 (19) Spells: 6/6 levels left

rFire   . . .      SeeInvis .    D - +0 dagger (venom)
rCold   . . .      Faith    .    s - +0 buckler
rNeg    . . .      Spirit   .    b - +0 robe
rPois   .          Reflect  .    (no helmet)
rElec   .          Harm     .    c - +0 cloak
rCorr   .          Rampage  .    g - +1 pair of gloves
Will    .....      Rage     3%   o - +0 pair of boots
Stlth   +++++                    p - amulet of regeneration
HPRegen 1.06/turn                C - +6 ring of intelligence
MPRegen 0.10/turn                (no ring)

@: invisible
A: small, no large weapons, nightstalker 3, berserk 1, weak 1, subdued magic 1
a: no special abilities


You were on level 5 of the Dungeon.
You visited 1 branch of the dungeon, and saw 5 of its levels.

You collected 229 gold pieces.
You spent 30 gold pieces at shops.

Inventory:

Hand Weapons
 a - a +2 dagger
 t - a +0 rapier
 D - a +0 dagger of venom (weapon)
 E - the +6 sling of Qeli {heavy, *Corrode MP+9 Dex+3}
   (You found it on level 5 of the Dungeon)

   Dex:       It affects your dexterity (+3).
   MP:        It affects your magic capacity (+9).
   *Corrode:  It may corrode you when you take damage.
Missiles
 d - 11 poisoned darts (quivered)
Armour
 b - a +0 robe (worn)
 c - a +0 cloak (worn)
 g - a +1 pair of gloves (worn)
 o - a +0 pair of boots (worn)
 s - a +0 buckler (worn)
Jewellery
 l - an amulet of faith
 p - an amulet of regeneration (around neck)
 C - a +6 ring of intelligence (left hand)
Scrolls
 f - a scroll of brand weapon
 h - a scroll of fear
 i - 3 scrolls of enchant armour
 n - a scroll of enchant weapon
 q - a scroll of teleportation {unknown}
 v - a scroll of blinking {unknown}
 w - a scroll of magic mapping {unknown}
 y - a scroll of amnesia {unknown}
Potions
 e - a potion of mutation
 z - a potion of might {unknown}
 A - a potion of haste {unknown}
 B - a potion of lignification {unknown}


   Skills:
 - Level 2.2 Fighting
 - Level 2.6 Short Blades
 - Level 2.1 Throwing
 - Level 5.0 Dodging
 * Level 8.2 Stealth
 - Level 4.0 Shields


You had 6 spell levels left.
You didn't know any spells.
Your spell library was empty.

Dungeon Overview and Level Annotations

Branches:
Dungeon (5/15)
 Temple: D:4-7

Altars:

Shops:
D:3 !(   D:5 *

Annotations:
D:5 Blork the orc, Edmund


Innate Abilities, Weirdness & Mutations

You are small and have problems with some larger weapons.
You are completely attuned to the shadows.
You sometimes lose your temper in combat.
You are weak. (Str -2)
Your spells are a little easier to cast, but a little less powerful.


Message History

It was a potion of degeneration.
There was something very wrong with that liquid.
You feel weakened.
You feel dopey.
You feel clumsy. Blork the orc hits you with a +0 flail. Something hits you.
* * * LOW HITPOINT WARNING * * *
It was a potion of invisibility.
You fade into invisibility!
Blork the orc casts a spell at you. The magic dart hits you.
* * * LOW HITPOINT WARNING * * *
Something barely misses you.
You hit Blork the orc but do no damage.
Blork the orc is poisoned.
Blork the orc is moderately wounded.
You hear some strange, mumbled words.
A magic dart appears from out of thin air!
The magic dart hits you!
* * * LOW HITPOINT WARNING * * *
It was a potion of magic.
Magic courses through your body.
Blork the orc points at something and mumbles some strange words.
The puff of flame hits something.
Reactivating autopickup.
You feel a bit more experienced.
You feel less confused.
Throw: 2 darts (curare)
Press: ? - help, Q - select action, (/) - cycle Shift-Dir - straight line, f/p - Blork the orc
Aim: Blork the orc, wielding a +0 flail and wearing a +0 robe (moderately wounded, fast, unable to see you, poisoned, slow, 66% to hit)
You throw a curare-tipped dart.
The curare-tipped dart hits Blork the orc.
Blork the orc looks even sicker.
Blork the orc convulses.
Blork the orc seems to be slow for longer.
Blork the orc is heavily wounded.
Throw: dart (curare)
Press: ? - help, Q - select action, (/) - cycle Shift-Dir - straight line, f/p - Blork the orc
Aim: Blork the orc, wielding a +0 flail and wearing a +0 robe (heavily wounded, fast, unable to see you, very poisoned, slow, 66% to hit)
You throw a curare-tipped dart.
The curare-tipped dart closely misses Blork the orc.
You barely miss Blork the orc.
Blork the orc is severely wounded.
Blork the orc hits you with a +0 flail!
You die...

..#... ###.#...
#.......
####......
##@o.....).
#..)(......
####.....(....
##.............
..............
......(
#.).........
.......
###.........#
...o...
##........###
......@
#....##....
?...ggg


You could see Blork the orc (fast, unable to see you, very poisoned, slow).

Vanquished Creatures
  Sigmund (D:3)
  A phantom (D:5)
  2 scorpions (D:4)
  A howler monkey (D:5)
  A hound (D:4)
  2 orc wizards
  4 gnolls
  An adder (D:5)
  4 dart slugs
  15 orcs
  6 endoplasms
  4 giant cockroaches
  8 goblins
  3 hobgoblins
  2 jackals (D:1)
  3 quokkas
  4 ball pythons
  3 bats
  A frilled lizard (D:3)
  5 kobolds
  6 rats
77 creatures vanquished.

Vanquished Creatures (others)
  An orc wizard (D:5)
1 creature vanquished.

Grand Total: 78 creatures vanquished

Notes
Turn   | Place    | Note
-------+----------+-------------------------------------------
     0 | D:1      | browni3141 the Kobold Brigand began the quest for the Orb.
     0 | D:1      | Reached XP level 1. HP: 12/12 MP: 1/1
    93 | D:1      | Reached XP level 2. HP: 14/17 MP: 2/2
   220 | D:1      | Reached XP level 3. HP: 21/21 MP: 3/3
   319 | D:1      | Found a transporter.
  2257 | D:3      | Found Unnod's Weapon Boutique.
  2257 | D:3      | Noticed Sigmund
  2347 | D:3      | Found Seec Caz's Distillery.
  2352 | D:3      | Bought a potion of curing for 30 gold pieces
  2392 | D:3      | Reached XP level 4. HP: 26/26 MP: 4/4
  2561 | D:3      | Killed Sigmund
  2562 | D:3      | Reached skill level 5 in Dodging
  2562 | D:3      | Reached XP level 5. HP: 13/30 MP: 5/5
  2562 | D:3      | Reached XP level 6. HP: 15/35 MP: 6/6
  2852 | D:4      | Noticed an ice beast
  3250 | D:4      | Reached XP level 7. HP: 40/40 MP: 7/7
  3287 | D:4      | Reached skill level 6 in Stealth
  3438 | D:5      | Entered Level 5 of the Dungeon
  3439 | D:5      | Noticed Edmund
  3440 | D:5      | Identified the +6 sling of Qeli {heavy, *Corrode MP+9
                  | Dex+3}
  3446 | D:5      | Noticed Blork the orc
  3517 | D:5      | Found Kishauz's Assorted Antiques.
  3538 | D:5      | Reached skill level 7 in Stealth
  3623 | D:5      | Reached skill level 8 in Stealth
  3701 | D:5      | Gained mutation: You are weak. (Str -2) [potion of
                  | mutation]
  3701 | D:5      | Gained mutation: You sometimes lose your temper in combat.
                  | [potion of mutation]
  3701 | D:5      | Gained mutation: Your spells are a little easier to cast,
                  | but a little less powerful. [potion of mutation]
  3704 | D:5      | HP: 1/40 [something/magic dart (9)]
  3711 | D:5      | Slain by Blork the orc

Illustrated notes

Levels and vault maps discovered:
D:1:      spicycebolla_arrival_transporter_tutorial, layout_rooms,
          chequers_hall_statues_corner_a
D:2:      layout_basic
D:3:      layout_loops_cross, hellmonk_ecumenical_altar_defaced_shrine,
          serial_shops, shop_statue, nicolae_shop_bloodbath_and_beyond,
          uniq_sigmund
D:4:      layout_cave_pods, grunt_ministairs_8
D:5:      layout_cave_pools, chequers_ossuary_entry_cave, serial_shops,
          nicolae_shop_hallway_stairs, gammafunk_ghost_gnarly_gnolls,
          dk_vineyard_2, uniq_edmund, uniq_blork_the_orc

Skill      XL: |  1  2  3  4  5  6  7 |
---------------+----------------------+-----
Dodging        | 2 3 4 5 |  5.0
Shields        | 2 4 |  4.0
Stealth        | 8 |  8.2
Fighting       | |  2.2
Short Blades   | |  2.6
Throwing       | |  2.1

Action                   |  1- 3 |  4- 6 |  7- 9 || total
-------------------------+-------+-------+-------++-------
Melee: Dagger            |    65 |    41 |    25 ||   131
 Fire: Sling             |       |       |    51 ||    51
Throw: Dart              |       |     5 |     4 ||     9
  Use: Potion            |       |       |     5 ||     5
       Scroll            |       |       |     4 ||     4
 Stab: Sleeping          |    24 |     7 |     1 ||    32
       Distracted        |       |     1 |       ||     1
Armor: Robe              |    11 |     9 |    18 ||    38
Dodge: Dodged            |    29 |    44 |    61 ||   134
Block: Buckler           |     3 |     6 |    34 ||    43

Table legend: (Time is in decaauts)
 A = Elapsed time spent in this place.
 B = Non-inter-level travel time spent in this place.
 C = Inter-level travel time spent in this place.
 D = Time resting spent in this place.
 E = Time spent auto-exploring this place.
 F = Levels seen in this place.
 G = Mean time per level.
                   A        B        C        D        E       F      G
               +--------+--------+--------+--------+--------+-----+--------+
         Total |   3767 |   3497 |    270 |      0 |   2673 |   5 |  753.4 |
       Dungeon |   3767 |   3497 |    270 |      0 |   2673 |   5 |  753.4 |
               +--------+--------+--------+--------+--------+-----+--------+

Top non-repeatable levels by time:
     D:2: 1363 daAuts
     D:4: 841 daAuts
     D:1: 780 daAuts
     D:3: 532 daAuts
     D:5: 250 daAuts
